Map: Graystone Ravine

Players

AfroSamurai - Winner!

  • Race: Zerg Zerg
  • Spawn Location: 5:00

OhLala

  • Race: Protoss Protoss
  • Spawn Location: 9:00

Constantine - Winner!

  • Race: Protoss Protoss
  • Spawn Location: 3:00

Gracz

  • Race: Terran Terran
  • Spawn Location: 11:00

VOD

Have the link to the VOD?

Description

Time

  • Played on: May 2, 2016, 6:19 a.m.
  • Length: 9:53
Show
View Real Time Build Order
Export as new Build Order

AfroSamurai Zerg - Winner!

Build Orders: Pool First 

Get SALT Encoding   

  12  0:02  Drone  
  13  0:16  Overlord  
  13  0:19  Drone  
  14  0:38  Spawning Pool  
  14  0:40  Drone  
  14  0:41  Drone  
  15  0:45  Drone  
  16  0:56  Drone  
  17  1:02  Extractor  
  16  1:07  Drone  
  17  1:28  Zergling x2  
  17  1:29  Zergling x2  
  19  1:39  Queen  
  19  2:39  Spine Crawler  
  19  2:41  Drone x2  
  20  3:00  Extractor  
  20  3:03  Zergling x2  
  20  3:04  Zergling x4  
  22  3:07  Overlord  
  22  3:08  Overlord  
  22  3:33  Drone x2  
  24  3:39  Roach Warren  
  23  3:56  Spine Crawler  
  23  3:57  Drone x4  
  26  4:23  Lair  
  26  4:30  Baneling Nest  
  22  4:47  Zergling x6  
  22  4:48  Zergling x4  
  22  4:49  Roach  
  29  5:00  Spine Crawler  
  27  5:18  Baneling  
  27  5:19  Baneling x4  
  27  5:20  Baneling x4  
  27  5:23  Roach  
  25  5:50  Zergling x4  
  25  5:51  Zergling x2  
  28  6:44  Roach  
  28  6:46  Overlord x2  
  30  6:47  Overlord  
  30  7:09  Hatchery  
  29  7:26  Roach x4  
  29  7:27  Roach x4  
  45  8:18  Hatchery  
  23  9:00  Drone x3  
  26  9:19  Drone  
  29  9:33  Drone  
  29  9:36  Extractor  
Show
View Real Time Build Order
Export as new Build Order

OhLala Protoss 

Build Orders:  

Get SALT Encoding   

  12  0:01  Probe (Chrono Boost)  
  13  0:12  Probe (Chrono Boost)  
  14  0:23  Pylon  
  14  0:25  Probe (Chrono Boost)  
  15  0:42  Forge, Probe (Chrono Boost)  
  16  0:52  Probe (Chrono Boost)  
  17  1:04  Pylon  
  17  1:17  Pylon  
  17  1:19  Pylon  
  17  1:20  Pylon  
  17  1:41  Photon Cannon  
  17  1:49  Gateway  
  17  1:52  Pylon  
  16  1:59  Pylon  
  17  2:01  Probe (Chrono Boost)  
  17  2:03  Assimilator  
  17  2:25  Photon Cannon  
  17  2:28  Photon Cannon  
  17  2:31  Probe (Chrono Boost)  
  18  2:42  Probe (Chrono Boost)  
  18  2:43  Cybernetics Core  
  19  2:45  Zealot  
  19  2:49  Pylon  
  21  3:16  Probe (Chrono Boost)  
  22  3:21  Assimilator, Warp Gate (Chrono Boost)  
  22  3:24  Gateway  
  22  3:33  Gateway  
  22  3:45  Stalker  
  22  3:47  Probe (Chrono Boost)  
  25  3:57  Gateway  
  25  4:01  Pylon  
  23  4:15  Stalker  
  25  4:22  Stalker  
  27  4:41  Probe  
  28  4:58  Pylon  
  28  5:11  Pylon  
  26  5:29  Stalker x3  
  26  5:30  Stalker  
  28  5:55  Stalker x3  
  28  5:56  Stalker  
  34  6:06  Pylon  
  21  6:22  Probe (Chrono Boost)  
  22  6:28  Twilight Council  
  22  6:30  Pylon  
  22  6:33  Stalker x3  
  22  6:38  Pylon  
  28  6:50  Probe (Chrono Boost)  
  29  6:58  Pylon  
  31  7:01  Mothership Core (Chrono Boost)  
  31  7:08  Gateway  
  31  7:22  Blink (Chrono Boost)  
  31  7:32  Pylon  
  31  7:37  Photon Cannon  
  31  7:39  Photon Cannon  
  31  7:42  Photon Cannon  
  31  7:46  Pylon  
  31  7:58  Gateway  
  31  8:07  Gateway  
  31  8:29  Sentry  
  27  9:00  Mothership Core  
  24  9:17  Stalker x2  
  28  9:24  Gateway  
  28  9:31  Pylon  
Show
View Real Time Build Order
Export as new Build Order

Constantine Protoss - Winner!

Build Orders:  

Get SALT Encoding   

  12  0:02  Probe (Chrono Boost)  
  13  0:12  Probe (Chrono Boost)  
  14  0:18  Pylon  
  14  0:23  Probe (Chrono Boost)  
  15  0:36  Probe (Chrono Boost)  
  15  0:37  Gateway  
  16  0:43  Assimilator  
  16  0:48  Probe (Chrono Boost)  
  17  1:00  Assimilator  
  17  1:01  Probe (Chrono Boost)  
  18  1:09  Pylon  
  18  1:11  Probe (Chrono Boost)  
  19  1:22  Probe (Chrono Boost)  
  20  1:28  Cybernetics Core  
  21  1:32  Probe (Chrono Boost)  
  21  1:43  Zealot  
  23  1:47  Gateway  
  23  1:57  Forge  
  23  2:14  Gateway  
  23  2:29  Pylon  
  23  2:33  Pylon  
  23  2:37  Stalker  
  25  2:38  Stalker  
  25  2:43  Warp Gate (Chrono Boost)  
  27  2:45  Probe (Chrono Boost)  
  28  2:56  Probe (Chrono Boost)  
  29  3:06  Mothership Core (Chrono Boost)  
  31  3:18  Adept  
  31  3:19  Adept x2  
  35  3:37  Pylon  
  35  3:54  Pylon  
  34  3:57  Pylon  
  34  3:59  Pylon  
  34  4:02  Gateway  
  34  4:12  Adept x2  
  34  4:15  Adept  
  40  4:25  Protoss Ground Weapons Level 1 (Chrono Boost)  
  40  4:26  Pylon  
  40  4:50  Pylon  
  40  5:16  Pylon  
  37  5:37  Zealot x4  
  45  5:47  Twilight Council  
  39  6:10  Stalker x3  
  39  6:11  Stalker  
  41  6:22  Nexus  
  41  6:31  Protoss Ground Weapons Level 2 (Chrono Boost)  
  41  7:01  Adept x4  
  47  7:32  Stalker x3  
  47  7:33  Stalker  
  55  8:06  Probe  
  55  8:08  Probe  
  57  8:17  Probe  
  58  8:20  Probe  
  59  8:32  Probe x2  
  59  8:33  Pylon  
  61  8:38  Pylon  
  61  8:42  Probe  
  61  8:44  Probe  
  63  9:07  Stalker x4  
  71  9:14  Pylon  
  71  9:15  Pylon  
  71  9:52  Stalker x4  
Show
View Real Time Build Order
Export as new Build Order

Gracz Terran 

Build Orders:  

Get SALT Encoding   

  12  0:02  SCV  
  13  0:14  SCV  
  14  0:33  SCV  
  15  1:04  Supply Depot x2  
  15  1:27  Barracks  
  15  1:30  Barracks  
  15  1:34  Barracks  
  15  2:14  Marine  
  16  2:19  Marine  
  16  2:22  Marine  
  18  2:32  Marine  
  19  2:37  Marine  
  19  2:40  Marine  
  21  2:50  Marine  
  22  2:55  Marine  
  22  2:57  Marine  
  22  3:07  Marine  
  22  3:13  Marine  
  22  3:15  Marine  
  24  3:25  Marine  
  25  3:31  Marine  
  25  3:33  Marine  
  20  4:13  Marine  
  20  4:14  Marine x2  
  23  4:31  Marine  
  23  4:32  Marine x2  
  24  4:49  Marine x3  
  24  5:07  Marine x3  
  21  5:25  Marine x3, Orbital Command  
  21  5:28  Refinery  
  24  5:29  Supply Depot  
  24  5:42  Marine  
  24  5:43  Marine x2  
  24  5:46  Command Center  
  27  6:00  Marine  
  27  6:01  Marine x2  
  26  6:18  Marine  
  25  6:19  Marine x2  
  28  6:25  Supply Depot  
  28  6:32  SCV  
  29  6:34  Refinery  
  29  6:44  SCV  
  24  6:56  SCV  
  21  7:06  SCV  
  22  7:08  SCV  
  20  7:18  SCV  
  20  7:21  SCV  
  19  7:30  SCV  
  19  7:33  SCV  
  21  7:42  SCV  
  22  7:45  SCV  
  23  7:54  SCV  
  23  7:57  SCV  
  25  8:02  Barracks  
  25  8:03  Barracks  
  25  8:08  Factory  
  25  8:32  Supply Depot  
  25  8:36  Orbital Command  
  25  8:39  Refinery  
  25  8:51  Marine  
  25  8:52  Marine  
  27  8:57  Orbital Command  
  27  9:09  Marine  
  27  9:10  Marine  
  23  9:27  Marine  
  23  9:28  Marine  
  25  9:36  Starport  
  25  9:38  Starport  
Tags
 
Add a new tag
Caveats
  • Supply blocks, unpowered buildings, or Contaminate may cause inaccurate times.
  • Supply counts are checked every 10 seconds.